 Dungeon Crawl Stone Soup version 0.31.0-4-g52a2dc7128 (webtiles) character file.

Game seed: 7060810671736353128

655 Eitelfritz the Covert (level 7, -10/41 HPs)
             Began as a Kobold Brigand on Jan 21, 2024.
             Mangled by Prince Ribbit (16 damage)
             ... on level 5 of the Dungeon.
             The game lasted 00:14:06 (4783 turns).

Eitelfritz the Covert (Kobold Brigand)              Turns: 4783, Time: 00:14:07

Health: -10/41     AC:  7    Str: 10    XL:     7   Next: 85%
Magic:  9/10       EV: 15    Int: 12    God:
Gold:   223        SH:  0    Dex: 17    Spells: 8/10 levels left

rFire   . . .        a - +0 rapier (pain)
rCold   . . .        (no shield)
rNeg    . . .        n - +0 leather armour
rPois   .            (no helmet)
rElec   .            c - +1 cloak
rCorr   .            v - +0 pair of gloves
SInv    .            j - +0 pair of boots
Will    .....        (no amulet)
Stlth   +++++        (no ring)
HPRegen 0.26/turn    (no ring)
MPRegen 0.12/turn

%: no passive effects
@: no status effects
A: small, no large weapons, nightstalker 3
a: no special abilities


You were on level 5 of the Dungeon.
You visited 1 branch of the dungeon, and saw 5 of its levels.

You collected 223 gold pieces.

Inventory:

Hand Weapons
 a - a +0 rapier of pain (weapon)
 l - a +0 sling
 s - a +2 dagger
Missiles
 d - 31 poisoned darts
 e - 6 curare-tipped darts (quivered)
Armour
 c - a +1 cloak (worn)
 j - a +0 pair of boots (worn)
 n - a +0 leather armour (worn)
 v - a +0 pair of gloves (worn)
Wands
 t - a wand of flame (28)
Scrolls
 f - a scroll of teleportation
 h - a scroll of fear
 k - a scroll of immolation {unknown}
 m - 7 scrolls of identify
Potions
 b - a potion of lignification
 g - a potion of mutation {unknown}
 i - a potion of curing
 o - a potion of cancellation


   Skills:
 + Level 3.3 Fighting
 + Level 5.0 Short Blades
 + Level 2.2 Throwing
 + Level 1.6 Armour
 + Level 3.4 Dodging
 + Level 8.5 Stealth
 + Level 2.0 Spellcasting
 + Level 0.6 Summonings
 + Level 1.7 Necromancy


You had 8 spell levels left.
You knew the following spells:

 Your Spells              Type           Power      Damage    Failure   Level
a - Necrotise             Necr           20%        1d5       17%         1
b - Summon Small Mammal   Summ           8%         N/A       26%         1

Your spell library contained the following spells:

 Spells                   Type           Power      Damage    Failure   Level
 Magic Dart               Conj           4%         1d3       34%         1
 Shock                    Conj/Air       4%         1d3       34%         1
 Call Imp                 Summ           4%         N/A       38%         2
 Vampiric Draining        Necr           5%         2d6       45%         3
 Blink                    Tloc           2%         N/A       47%         2
 Jinxbite                 Hex            2%         N/A       47%         2
 Searing Ray              Conj           2%         2d4       47%         2
 Static Discharge         Conj/Air       2%         3-4/arc   47%         2
 Martyr's Knell           Necr/Summ      4%         N/A       91%         4
 Summon Lightning Spire   Summ/Air       2%         N/A       97%         4
 Airstrike                Air            0%         2d(1-17)  98%         4
 Fulminant Prism          Conj/Alch      0%         3d5       98%         4
 Curse of Agony           Necr           5%         N/A       99%         5
 Yara's Violent Unravell  Hex/Alch       0%         3d3       100%        5
 Enfeeble                 Hex            0%         N/A       100%        7


Dungeon Overview and Level Annotations

Branches:
Dungeon (5/15)             Temple (0/1) D:5

Altars:
Ashenzari
Makhleb
Okawaru

Annotations:
D:5 Prince Ribbit


Innate Abilities, Weirdness & Mutations

You are small and have problems with some larger weapons.
You are completely attuned to the shadows.


Message History

Why would you want to do that? Why would you want to do that?
The dart slug launches a dart at you. The slug dart hits you.
You hit the dart slug.
The dart slug writhes in agony.
The dart slug is severely wounded.
You hit the dart slug.
The dart slug is almost dead.
The dart slug closely misses you.
You hit the dart slug but do no damage.
The dart slug is severely wounded.
The dart slug misses you.
You hit the dart slug but do no damage.
The dart slug is severely wounded.
The dart slug barely misses you.
You hit the dart slug.
You kill the dart slug!
You see here a dart slug corpse.
You now have 223 gold pieces (gained 8).
Found a ring mail.
Found a stone staircase leading down.
You see here a +0 antimagic dagger.
Found a stone staircase leading up.
There is an open door here.
k - a scroll labelled CAODWARRATO You miss Prince Ribbit.
Prince Ribbit hits you!
Casting: Necrotise (safe; 17% risk of failure)
Confirm with . or Enter, or press ? or * to list all spells.
Prince Ribbit hits you!
You hit Prince Ribbit but do no damage.
Prince Ribbit blinks!
Prince Ribbit barely misses you.
Your rat bites Prince Ribbit.
You hit Prince Ribbit.
Prince Ribbit writhes in agony.
Prince Ribbit is moderately wounded.
Prince Ribbit hits you but does no damage.
Your rat closely misses Prince Ribbit.
Prince Ribbit hits you!
* * * LOW HITPOINT WARNING * * *
You puncture Prince Ribbit!
Prince Ribbit is heavily wounded.
Your rat misses Prince Ribbit. Prince Ribbit hits you!
You die...

#...# ###....########### .......
#...# #.#......#.....####......
#...# #.#.##..##.....#.......b.
#...#####.#.##..##.....# #.<....
#...........###.##.....# #......
.....####.########.≈.≈.######....
.......##.###......≈.≈......#.###
.....#...[..#....F≈♣.♣≈≈....#.###
.....########...@.r.........'.#..
............#....≈≈♣.♣≈≈....#.#.#
.......######....§.≈.≈......#....
....)..# ######.≈.≈.######....
.......# #.....#.##......
.......# #.....#.##......
.......###########.....#.........
................# #.........
................# ####........#


You could see Prince Ribbit (ally target) and a friendly rat (summoned).

Vanquished Creatures
  An ogre (D:4)
  A kobold brigand (D:3)
  3 scorpions
  A bombardier beetle (D:4)
  A hound (D:5)
  A sleepcap (D:5)
  2 iguanas (D:4)
  The ghost of iamserjio the Sneak, a weakling VSDe of Okawaru (D:3)
  An adder (D:2)
  4 ribbon worms
  3 dart slugs
  4 orcs (D:4)
  8 bats
  11 endoplasms
  3 giant cockroaches
  11 goblins
  7 hobgoblins
  6 jackals
  4 quokkas
  11 ball pythons
  9 frilled lizards
  13 kobolds
  16 rats
122 creatures vanquished.

Vanquished Creatures (collateral kills)
  An iguana (D:5)
  A jackal (D:4)
2 creatures vanquished.

Grand Total: 124 creatures vanquished

Notes
Turn   | Place    | Note
-------+----------+-------------------------------------------
     0 | D:1      | Eitelfritz the Kobold Brigand began the quest for the Orb.
     0 | D:1      | Reached XP level 1. HP: 12/12 MP: 1/1
    75 | D:1      | Reached XP level 2. HP: 17/17 MP: 2/2
   101 | D:1      | Reached skill level 6 in Stealth
   216 | D:1      | Reached XP level 3. HP: 22/22 MP: 3/3
   297 | D:1      | Got Kymeopre's Introduction to the Hermit's Heritage
   309 | D:1      | Learned a level 1 spell: Necrotise
   442 | D:1      | You fall into a shaft and drop 1 floor!
   781 | D:2      | Reached XP level 4. HP: 18/27 MP: 4/4
   986 | D:1      | Reached skill level 7 in Stealth
  2255 | D:3      | Reached XP level 5. HP: 31/31 MP: 5/5
  2286 | D:3      | Learned a level 1 spell: Summon Small Mammal
  2377 | D:3      | Found a runed translucent gate.
  2378 | D:3      | Noticed iamserjio's ghost (weakling VSDe)
  2379 | D:3      | Found a runed translucent gate.
  2380 | D:3      | Noticed a kobold brigand
  2381 | D:3      | Found a runed translucent gate.
  2715 | D:3      | Killed a kobold brigand
  2719 | D:3      | Killed iamserjio's ghost
  2720 | D:3      | Reached skill level 8 in Stealth
  2720 | D:3      | Reached XP level 6. HP: 26/36 MP: 3/6
  2965 | D:4      | Noticed an ogre
  2972 | D:4      | Killed an ogre
  2973 | D:4      | Reached skill level 1 in Spellcasting
  3434 | D:4      | Reached XP level 7. HP: 24/41 MP: 4/8
  3646 | D:4      | Found an iron altar of Okawaru.
  4100 | D:5      | Entered Level 5 of the Dungeon
  4122 | D:5      | Found a broken altar of Ashenzari.
  4176 | D:5      | Reached skill level 1 in Armour
  4176 | D:5      | Reached skill level 1 in Necromancy
  4218 | D:5      | Noticed Prince Ribbit
  4389 | D:5      | Found a staircase to the Ecumenical Temple.
  4551 | D:5      | Reached skill level 5 in Short Blades
  4585 | D:5      | Found a burning altar of Makhleb.
  4783 | D:5      | Mangled by Prince Ribbit

Illustrated notes

Levels and vault maps discovered:
D:1:      eino_arrival_druids_welcome, layout_rooms, st_stairs_3,
          minmay_misc_feat_doors, minmay_rat_gold_closets
D:2:      layout_basic, serial_glass, glass_columns_a, glass_columns_a
D:3:      layout_rooms, gammafunk_ghost_nasty_kobolds, grunt_decor_clamped
D:4:      layout_gridville, okawaru_trees_1
D:5:      layout_basic, mainiacjoe_overflow_alcove_4, mainiacjoe_overflow_paths,
          minmay_temple_entry_junction_2, kennysheep_minor_cross,
          uniq_prince_ribbit1

Skill      XL: |  1  2  3  4  5  6  7 |
---------------+----------------------+-----
Stealth        | 6 7 8 |  8.5
Short Blades   | 3 4 5 |  5.0
Dodging        | 2 3 |  3.4
Fighting       | 3 |  3.3
Spellcasting   | 1 2 |  2.0
Armour         | 1 |  1.6
Necromancy     | 1 |  1.7
Throwing       | |  2.2
Summonings     | |  0.6

Action                     |  1- 3 |  4- 6 |  7- 9 || total
---------------------------+-------+-------+-------++-------
  Melee: Dagger            |   104 |   119 |       ||   223
         Punch             |     2 |     3 |     3 ||     8
         Rapier            |       |    72 |    89 ||   161
  Throw: Dart              |       |     1 |       ||     1
   Cast: Summon Small Mamm |       |     4 |     4 ||     8
         Necrotise         |       |    14 |     6 ||    20
    Use: Scroll            |       |       |    11 ||    11
   Stab: Sleeping          |    17 |    20 |     4 ||    41
 Armour: Robe              |    22 |    29 |       ||    51
         Leather armour    |       |    56 |    40 ||    96
  Dodge: Dodged            |    63 |   158 |    69 ||   290
